 Dungeon Crawl Stone Soup version 0.21-a0-213-gae198ad (webtiles) character file.

20 Lavandula the Chiller (level 2, -2/20 HPs)
             Began as a Ghoul Ice Elementalist on Aug 22, 2017.
             Slain by an orc
             ... wielding a +2 flail of protection
              (3 damage)
             ... on level 3 of the Dungeon.
             The game lasted 00:02:19 (271 turns).

Lavandula the Chiller (Ghoul Ice Elementalist)       Turns: 271, Time: 00:02:19

Health: -2/20      AC:  2    Str: 11    XL:     2   Next: 79%
Magic:  0/4        EV: 12    Int: 10    God:
Gold:   10         SH:  0    Dex:  9    Spells: 4/5 levels left

rFire    . . .     SeeInvis .   i - +1 hand axe (chop)
rCold    + . .     Gourm    .   (no shield)
rNeg     + + +     Faith    .   a - +0 robe
rPois    ∞         Spirit   .   (no helmet)
rElec    .         Reflect  .   (no cloak)
rCorr    .         Harm     .   (no gloves)
MR       .....                  (no boots)
Stlth    ++........             (no amulet)
HPRegen  0.00/turn              (no ring)
MPRegen  0.09/turn              (no ring)

@: rotting
A: rotting body, claws 1, carnivore 3, cold resistance 1, negative energy
resistance 3, inhibited regeneration, torment resistance, unbreathing
a: no special abilities


You were on level 3 of the Dungeon.
You were not hungry.

You visited 1 branch of the dungeon, and saw 3 of its levels.

You collected 10 gold pieces.

Inventory:

Hand Weapons
 i - a +1 hand axe of chopping (weapon)
Missiles
 d - 6 tomahawks (quivered)
Armour
 a - a +0 robe (worn)
Scrolls
 h - a scroll of immolation {unknown}
 j - a scroll of teleportation {unknown}
Potions
 e - a potion of mutation {unknown}
Books
 b - a book of Frost

   Spells                             Type                      Level
   a - Freeze                         Ice                          1
   b - Throw Frost                    Conjuration/Ice              2
   c - Ozocubu's Armour               Charms/Ice                   3
   d - Throw Icicle                   Conjuration/Ice              4
   e - Summon Ice Beast               Ice/Summoning                4
Comestibles
 c - 2 meat rations
 f - 2 royal jellies
 g - 3 chunks of flesh


   Skills:
 - Level 1.7 Dodging
 - Level 2.1 Stealth
 + Level 2.1 Spellcasting
   Level 0.7 Conjurations
 - Level 4.0 Ice Magic


You had 4 spell levels left.
You knew the following spells:

 Your Spells              Type           Power        Failure   Level  Hunger
a - Freeze                Ice            #...         6%          1    ##.....


Dungeon Overview and Level Annotations

Branches:
Dungeon (3/15)

Altars:


Innate Abilities, Weirdness & Mutations

Your body is rotting away.
You thrive on raw meat.
You are immune to poison.
You have sharp fingernails.
You are carnivorous and can eat meat at any time.
Your flesh is cold resistant. (rC+)
You are immune to negative energy. (rN+++)
You do not regenerate when monsters are visible.
You are immune to unholy pain and torment.
You can survive without breathing.


Message History

Aiming: Freeze
Press: ? - help, Shift-Dir - straight line, f/p - orc
Aim: an orc, wielding a flail of protection (heavily wounded)
You freeze the orc.
The orc is severely wounded.
The orc hits you with a flail of protection.
* * * LOW HITPOINT WARNING * * *
Casting: Freeze
Confirm with . or Enter, or press ? or * to list all spells.
You don't have enough magic to cast that spell.
Unknown command.
Casting: Freeze
Confirm with . or Enter, or press ? or * to list all spells.
Aiming: Freeze
Press: ? - help, Shift-Dir - straight line, f/p - orc
Aim: an orc, wielding a flail of protection (severely wounded)
You freeze the orc.
The orc is almost dead.
The orc hits you with a flail of protection.
You die...

.......#...##..........#
#.....###..##..........# #.o.w.
##..##..........# ...##.
#..............## ... .#. #
#.#####........##
(......##.##.##.# #..........#
.......##.##....# #).........#
....#...#.###.#o## #..........#
..............#.@# #..........#
..............##.# #..).......#
...............#..###........##
...............##...........##
.....<.........#####.......##
.......[.......#...........#
....................#......#
...............######......#
#.............## #......#


You could see an orc.

Vanquished Creatures
  An adder (D:3)
  A dart slug (D:2)
  2 kobolds
  A quokka (D:2)
  3 bats
  3 rats
11 creatures vanquished.

Notes
Turn   | Place    | Note
-------+----------+-------------------------------------------
     0 | D:1      | Lavandula the Ghoul Ice Elementalist began the quest for the Orb.
     0 | D:1      | Reached XP level 1. HP: 14/14 MP: 2/2
   161 | D:2      | Reached XP level 2. HP: 20/20 MP: 0/4
   192 | D:3      | Reached skill level 4 in Ice Magic
   262 | D:3      | HP: 1/20 [orc/flail of protection (5)]
   271 | D:3      | Slain by an orc

Vault maps used:
D:1:      mushboom_english_gardens
D:2:      lemuel_crystal_altar
D:3:      uniq_crazy_yiuf_cottage

Skill      XL: |  1  2 |
---------------+-------+-----
Spellcasting   | 2 |  2.1
Ice Magic      | 4 |  4.0
Dodging        | |  1.7
Stealth        | |  2.1
Conjurations   | |  0.7

Action                   || total
-------------------------++-------
Melee: Unarmed           ||    15
 Cast: Freeze            ||    18
 Stab: Sleeping          ||     2
  Eat: Chunk             ||     3
Armor: Robe              ||     4
Dodge: Dodged            ||    14

Table legend:
 A = Spawn XP
 B = Non-spawn XP
 C = Spawn XP percentage of total XP
 D = Spawn monster count
 E = Non-spawn monster count
 F = Spawn count percentage of total count
 G = Total turns spent on level
                    A         B        C        D         E        F      G
               +---------+---------+-------+---------+---------+-------+---------
         Total |       4 |      25 |  13.8 |       1 |      10 |   9.1 |   271
               +---------+---------+-------+---------+---------+-------+---------
           D:1 |       0 |       5 |   0.0 |       0 |       4 |   0.0 |    83
           D:2 |       4 |       3 |  57.1 |       1 |       2 |  33.3 |    86
           D:3 |       0 |      17 |   0.0 |       0 |       4 |   0.0 |   102
               +---------+---------+-------+---------+---------+-------+---------
